 Dungeon Crawl Stone Soup version 0.14-a0-102-g2341383 (webtiles) character file.

8296 PolkaDot the Grappler (level 11, -5/112 HPs)
             Began as a Troll Berserker on Oct 4, 2013.
             Was the Champion of Trog.
             Slain by Erica
             ... wielding a +4,+4 scimitar of flaming
              (8 damage)
             ... on Level 11 of the Dungeon.
             The game lasted 00:36:38 (7946 turns).

PolkaDot the Grappler (Troll Berserker)             Turns: 7946, Time: 00:36:40

HP  -5/112       AC 10     Str 30      XL: 11   Next:  6%
MP   7/7         EV 10     Int  9      God: Trog [******]
Gold 106         SH  0     Dex  9      Spells:  0 memorised, 10 levels left

Res.Fire  : . . .   See Invis. : .     - Unarmed
Res.Cold  : . . .   Warding    : .   H - +2 troll leather armour
Life Prot.: . . .   Conserve   : .   (shield restricted)
Res.Poison: .       Res.Corr.  : .   (helmet restricted)
Res.Elec. : .       Clarity    : .   (no cloak)
Sust.Abil.: . .     Spirit.Shd : .   (gloves unavailable)
Res.Mut.  : .       Stasis     : .   (boots unavailable)
Res.Rott. : .       Flight     : .   y - amulet of faith
Gourmand  : +                        L - +3 ring of intelligence
                                     m - +3 ring of strength

@: mildly poisoned, slowed, very slow, somewhat resistant to hostile
enchantments, very unstealthy
A: unfitting armour, claws 3, fast metabolism 3, gourmand, regeneration 2,
saprovore 2, tough skin 2, AC +2
a: Burn Spellbooks, Berserk, Trog's Hand, Brothers in Arms, Renounce Religion


You were on level 11 of the Dungeon.
You worshipped Trog.
Trog was exalted by your worship.
You were very full.

You visited 1 branch of the dungeon, and saw 11 of its levels.

You collected 576 gold pieces.
You spent 490 gold pieces at shops.

Inventory:

Armour
 H - a +2 troll leather armour (worn)
Magical devices
 i - a wand of enslavement (12)
 r - a wand of fire (8)
 u - a wand of cold (8)
 z - a wand of digging (20)
 I - a wand of paralysis (10)
 K - a wand of slowing (14)
 M - a wand of cold (3)
Comestibles
 a - 2 meat rations
 b - a chunk of yak flesh
 d - 3 chokos
 j - 3 apples
 p - 10 bread rations
 q - 7 beef jerkies
Scrolls
 c - a scroll of identify
 e - 5 scrolls of teleportation
 g - a scroll of amnesia
 k - a scroll of blinking
 n - a scroll of enchant weapon II
 s - 2 scrolls of noise
 x - a scroll of remove curse
Jewellery
 m - a +3 ring of strength (left claw)
 y - an amulet of faith (around neck)
 C - an uncursed ring of teleportation
 L - a +3 ring of intelligence (right claw)
Potions
 h - 7 potions of curing
 t - 5 potions of brilliance
 v - a potion of berserk rage
 A - a potion of flight
Books
 l - a book of Geomancy

   Spells                             Type                      Level
   Sandblast                          Earth                        1
   Stoneskin                          Transmutation/Earth          2
   Passwall                           Transmutation/Earth          3
   Stone Arrow                        Conjuration/Earth            3
   Petrify                            Transmutation/Earth          4
   Lee's Rapid Deconstruction         Earth                        5
   Trog disapproves of the use of such an item.


   Skills:
 + Level 8.3 Fighting
 + Level 1.0 Armour
 - Level 2.6 Dodging
 * Level 13.7 Unarmed Combat
 - Level 2.3 Evocations


You had 10 spell levels left.
You didn't know any spells.

Dungeon Overview and Level Annotations

Branches:
Dungeon (11/27)            Temple (0/1) D:4             Orc (0/4) D:8
   Lair: D:8-13

Altars:
Elyvilon
Nemelex Xobeh
Yredelemnul

Shops:
D:10 !

Annotations:
D:11 Erica


Innate Abilities, Weirdness & Mutations

You are too large for most types of armour.
You have claws for hands.
Your metabolism is lightning-fast.
You like to eat raw meat.
You heal very quickly.
You can eat rotten meat.
You are covered in fur (AC +1).
You have very tough skin (AC +2).
You are partially covered in rugged brown scales (AC +1, +3% HP).


Message History

It burns you.
* * * LOW HITPOINT WARNING * * *
You closely miss it. It hits you!
* * * LOW HITPOINT WARNING * * *
It burns you.
* * * LOW HITPOINT WARNING * * *
Drink which item? (? for menu, Esc to quit)
You feel much better. It hits you. It burns you. It hits you!
* * * LOW HITPOINT WARNING * * *
It burns you.
* * * LOW HITPOINT WARNING * * *
You claw it! You hit it.
* * * LOW HITPOINT WARNING * * *
You feel sick.
You hear some strange, mumbled words.
The orb of energy hits you!
* * * LOW HITPOINT WARNING * * *
The orb of energy explodes!
It hits you!
You die...

#############
#...........#
#...........#
#...........#
#...>.......#
.###...........########
........{.{...........#
#...#####'##.))<......#
#....@.#.)......###
#......#...######
##......#...#
#.........8(+
#.......#...#
#########...# ......
#..###


There were no monsters in sight!

Vanquished Creatures
  Erolcha (D:8)
  2 hill giants (D:10)
  The ghost of casual the Thaumaturge, an experienced DEIE of Sif Muna (D:5)
  A troll (D:9)
  Prince Ribbit (D:5)
  2 two-headed ogres
  2 hungry ghosts
  8 yaks
  The ghost of prkl the Cudgeler, an average HOMo (D:4)
  A hippogriff (D:7)
  A manticore (D:9)
  A necrophage (D:10)
  Edmund (D:6)
  A black bear (D:7)
  3 centaurs
  2 ogres
  2 orc warriors
  A big kobold (D:9)
  Sigmund (D:6)
  4 giant frogs
  2 water moccasins (D:10)
  15 killer bees
  5 wights (D:7)
  2 goliath beetles (D:8)
  7 crimson imps
  A giant frog skeleton (D:10)
  5 orc priests
  6 hounds
  A jelly (D:6)
  6 worker ants
  3 iguanas
  8 orc wizards
  A gnoll shaman (D:5)
  4 scorpions
  A big kobold zombie (D:7)
  A sky beast zombie (D:10)
  An ogre zombie (D:6)
  A mummy (D:6)
  6 adders
  10 gnolls
  2 giant mites
  An inept item mimic (D:6)
  A white imp (D:8)
  2 worms
  An adder zombie (D:7)
  A giant eyeball (D:9)
  A giant gecko (D:3)
  2 oozes
  35 orcs
  2 ball pythons
  10 goblins
  13 hobgoblins
  16 jackals
  3 quokkas
  8 bats
  3 giant cockroaches
  4 giant newts
  2 hobgoblin skeletons
  16 kobolds
  An orc zombie (D:6)
  13 rats
260 creatures vanquished.

Notes
Turn   | Place    | Note
--------------------------------------------------------------
     0 | D:1      | PolkaDot, the Troll Berserker, began the quest for the Orb.
     0 | D:1      | Reached XP level 1. HP: 23/23 MP: 0/0
     6 | D:1      | Noticed a worker ant
     6 | D:1      | Noticed a grizzly bear
     6 | D:1      | Noticed a salamander
     6 | D:1      | Noticed a wolf
   126 | D:1      | Reached XP level 2. HP: 29/31 MP: 0/0
   764 | D:2      | Reached XP level 3. HP: 39/39 MP: 1/1
   770 | D:2      | Reached skill level 4 in Unarmed Combat
   772 | D:2      | Acquired Trog's second power
  1731 | D:3      | Reached XP level 4. HP: 46/46 MP: 1/1
  2136 | D:3      | Reached skill level 5 in Unarmed Combat
  2417 | D:4      | Reached XP level 5. HP: 26/53 MP: 1/1
  2441 | D:4      | Found a white marble altar of Elyvilon.
  2448 | D:4      | Found a sparkling altar of Nemelex Xobeh.
  2457 | D:4      | Noticed prkl's ghost (average HOMo)
  2469 | D:4      | Killed prkl's ghost
  2469 | D:4      | Reached skill level 6 in Unarmed Combat
  2469 | D:4      | Reached XP level 6. HP: 58/62 MP: 2/2
  2544 | D:4      | Gained mutation: Your muscles are strong. (Str +2) [potion of mutation]
  2544 | D:4      | Lost mutation: Your muscles are strong. (Str +2) [potion of mutation]
  2842 | D:4      | Found a staircase to the Ecumenical Temple.
  2953 | D:5      | Entered Level 5 of the Dungeon
  3004 | D:5      | Noticed Prince Ribbit
  3108 | D:5      | Killed Prince Ribbit
  3108 | D:5      | Reached skill level 7 in Unarmed Combat
  3108 | D:5      | Reached XP level 7. HP: 42/70 MP: 2/2
  3156 | D:5      | Found a basalt altar of Yredelemnul.
  3178 | D:5      | Noticed casual's ghost (experienced DEIE)
  3189 | D:5      | Killed casual's ghost
  3189 | D:5      | Reached skill level 8 in Unarmed Combat
  3262 | D:5      | Reached XP level 8. HP: 32/79 MP: 2/2
  3681 | D:5      | Paralysed by a potion of paralysis for 7 turns
  3845 | D:6      | Reached skill level 5 in Fighting
  3911 | D:6      | Noticed Edmund
  3918 | D:6      | Killed Edmund
  3918 | D:6      | Reached skill level 9 in Unarmed Combat
  4042 | D:6      | Noticed Sigmund
  4051 | D:6      | Killed Sigmund
  4408 | D:7      | Reached skill level 10 in Unarmed Combat
  4509 | D:7      | Reached XP level 9. HP: 86/88 MP: 3/3
  5035 | D:8      | Acquired Trog's third power
  5156 | D:8      | Reached skill level 11 in Unarmed Combat
  5284 | D:8      | Found a staircase to the Orcish Mines.
  5600 | D:8      | Noticed Erolcha
  5774 | D:8      | Killed Erolcha
  5774 | D:8      | Reached skill level 12 in Unarmed Combat
  6034 | D:9      | Reached XP level 10. HP: 97/100 MP: 3/3
  6280 | D:9      | Paralysed by a giant eyeball for 3 turns
  6634 | D:9      | Reached skill level 13 in Unarmed Combat
  6776 | D:10     | Entered Level 10 of the Dungeon
  6992 | D:10     | Reached skill level 1 in Evocations
  7062 | D:10     | Found Phoph's Distillery.
  7070 | D:10     | Bought a potion of beneficial mutation for 490 gold pieces
  7071 | D:10     | Gained mutation: You are partially covered in rugged brown scales (AC +1, +3% HP). [potion of beneficial mutation]
  7135 | D:10     | Received a gift from Trog
  7365 | D:10     | Noticed a hill giant
  7373 | D:10     | Killed a hill giant
  7677 | D:10     | Noticed a hill giant
  7685 | D:10     | Killed a hill giant
  7685 | D:10     | Reached XP level 11. HP: 80/112 MP: 7/7
  7826 | D:10     | Reached skill level 1 in Armour
  7924 | D:11     | Noticed Erica
  7946 | D:11     | HP: 3/112 [it/orb of energy (18)]
  7946 | D:11     | Slain by Erica

Action                   |  1- 3 |  4- 6 |  7- 9 | 10-12 || total
-------------------------+-------+-------+-------+-------++-------
Melee: Unarmed           |    98 |   101 |   299 |   223 ||   721
Invok: Berserk           |       |     1 |     4 |     3 ||     8
       Trog's Hand       |       |       |     1 |       ||     1
  Use: Potion            |       |       |     6 |     4 ||    10
       Scroll            |       |       |    20 |    10 ||    30
